 Dungeon Crawl Stone Soup version 0.27.1-33-g824d729ab1 (webtiles) character file.

Game seed: 2843360879043696122

112 lonewolfV2 the Skirmisher (level 4, -1/37 HPs)
             Began as a Palentonga Fighter on Dec 13, 2021.
             Slain by a gnoll (5 damage)
             ... on level 4 of the Dungeon.
             The game lasted 00:06:09 (3351 turns).

lonewolfV2 the Skirmisher (Palentonga Fighter)      Turns: 3351, Time: 00:06:13

Health: -1/37      AC:  6    Str: 20    XL:     4   Next: 63%
Magic:  4/4        EV:  5    Int:  9    God:
Gold:   54         SH:  9    Dex:  9    Spells: 3/3 levels left

rFire    . . .     SeeInvis +   g - +2 dagger (speed)
rCold    . . .     Faith    .   c - +0 kite shield
rNeg     . . .     Spirit   .   b - +0 scale mail
rPois    .         Reflect  .   (no helmet)
rElec    .         Harm     .   (no cloak)
rCorr    .         Rampage  .   (no gloves)
Will     .....                  (no barding)
Stlth    ..........             (no amulet)
HPRegen  0.12/turn              (no ring)
MPRegen  0.09/turn              (no ring)

@: no status effects
A: large, rugged brown scales 3, see invisible, deformed body, roll 1, armoured
tail
a: Rolling Charge


You were on level 4 of the Dungeon.
You visited 1 branch of the dungeon, and saw 4 of its levels.

You collected 154 gold pieces.
You spent 100 gold pieces at shops.

Inventory:

Hand Weapons
 a - a +0 war axe
 g - a +2 dagger of speed (weapon)
Armour
 b - a +0 scale mail (worn)
 c - a +0 kite shield (worn)
Magical Staves
 p - a staff of poison
Scrolls
 e - a scroll of blinking {unknown}
 f - 2 scrolls of teleportation
 h - a scroll of torment
 j - a scroll of magic mapping
 n - a scroll of fear {unknown}
Potions
 d - 2 potions of might
 i - a potion of resistance {unknown}
 l - a potion of heal wounds
 m - a potion of cancellation {unknown}
 o - a potion of curing
 q - a potion of degeneration


   Skills:
 + Level 3.4 Fighting
 + Level 1.3 Short Blades
 + Level 2.1 Axes
 + Level 3.0 Armour
 + Level 0.4 Dodging
 + Level 0.2 Stealth
 + Level 3.2 Shields


You had 3 spell levels left.
You didn't know any spells.
Your spell library was empty.

Dungeon Overview and Level Annotations

Branches:
Dungeon (4/15)
 Temple: D:4-7

Altars:

Shops:
D:2 *   D:4 !


Innate Abilities, Weirdness & Mutations

You are completely covered in rugged brown scales. (AC +3, +7% HP)
You have supernaturally acute eyesight. (SInv)
Armour fits poorly on your strangely shaped body.
You can roll at nearby foes to attack.
You have a long armoured tail.


Message History

You hit the black bear.
The black bear is heavily wounded.
The gnoll hits you with a +0 spear. The gnoll hits you with a +0 whip!
You hit the black bear.
The black bear is severely wounded.
The black bear bites you.
* * * LOW HITPOINT WARNING * * *
You block the black bear's attack.
The black bear claws you but does no damage.
The gnoll hits you with a +0 spear.
* * * LOW HITPOINT WARNING * * *
You feel much better. You block the gnoll's attack.
The black bear goes berserk!
The gnoll hits you but does no damage.
You hit the black bear but do no damage.
You tail-slap the black bear!
The black bear is almost dead.
You block the black bear's attack. The black bear claws you. x2
You block the gnoll's attack. The gnoll hits you but does no damage.
You closely miss the black bear.
The black bear is almost dead.
The black bear barely misses you. You block the black bear's attack.
The black bear claws you but does no damage.
You block the gnoll's attack. The black bear barely misses you.
The black bear claws you.
The black bear claws you but does no damage.
The gnoll hits you but does no damage.
You hit the black bear but do no damage.
You tail-slap the black bear, but do no damage.
The black bear is almost dead.
The black bear bites you!
* * * LOW HITPOINT WARNING * * *
The black bear claws you but does no damage. x2
You block the gnoll's attack.
You feel better. The black bear bites you!
* * * LOW HITPOINT WARNING * * *
The black bear claws you but does no damage.
The black bear claws you.
* * * LOW HITPOINT WARNING * * *
The gnoll hits you with a +0 spear.
You die...

#8..#....
#.#..#.#.....#
....8<∩.8....#
......#.....##
##...8#......#
.............###
#..........<.##
##....g........#
#...?.h@...#...#
.......##.g.###..#
.......#..#......#
.#...#....#......#
#...#............
#...
##.......##.## #..
##..#...# . ##.
...##.##


You could see a black bear (berserk) and 2 gnolls.

Vanquished Creatures
  A gnoll (D:4)
  2 adders (D:3)
  A worm (D:2)
  5 endoplasms
  A giant cockroach (D:1)
  13 goblins
  8 hobgoblins (D:2)
  10 jackals
  5 quokkas
  4 ball pythons
  6 bats
  3 frilled lizards (D:1)
  8 kobolds
  4 rats
71 creatures vanquished.

Notes
Turn   | Place    | Note
-------+----------+-------------------------------------------
     0 | D:1      | lonewolfV2 the Palentonga Fighter began the quest for the
                  | Orb.
     0 | D:1      | Reached XP level 1. HP: 19/19 MP: 1/1
   141 | D:1      | Reached XP level 2. HP: 15/25 MP: 2/2
  1222 | D:2      | Reached XP level 3. HP: 31/31 MP: 3/3
  1878 | D:2      | Found Dasef's General Store.
  1888 | D:2      | Bought 2 potions of heal wounds for 100 gold pieces
  2477 | D:3      | Reached XP level 4. HP: 32/37 MP: 4/4
  2601 | D:3      | Reached skill level 1 in Short Blades
  3318 | D:4      | Found Xeim Ofa's Distillery.
  3328 | D:4      | Noticed a black bear
  3351 | D:4      | Slain by a gnoll

Illustrated notes

Levels and vault maps discovered:
D:1:      scummos_arrival_simple_crosswalls, layout_loops_corners,
          shapermc_ecumenical_altar_petra, grunt_decor_junction, st_stairs_12
D:2:      cheibrodos_greedy_goblins, layout_basic, serial_shops,
          nicolae_shop_temple_entry_statues_fountains
D:3:      layout_basic, mrwooster_statue_mirror
D:4:      layout_cave_pools, nicolae_gozag_cash_rules_everything_around_me,
          serial_shops, nicolae_shop_behind_doors,
          nicolae_shop_temple_entry_statues_fountains, nicolae_shop_crystal,
          nicolae_shop_statue_plus, minmay_box_of_dots

Skill      XL: |  1  2  3  4 |
---------------+-------------+-----
Shields        | 3 |  3.2
Armour         | 3 |  3.0
Short Blades   | 1 |  1.3
Fighting       | |  3.4
Axes           | |  2.1
Dodging        | |  0.4
Stealth        | |  0.2

Action                   |  1- 3 |  4- 6 || total
-------------------------+-------+-------++-------
Melee: War axe           |     7 |       ||     7
       Dagger            |   165 |    88 ||   253
       Tailslap          |    15 |    10 ||    25
  Use: Scroll            |       |     5 ||     5
       Potion            |       |     3 ||     3
Armor: Scale mail        |    87 |    56 ||   143
Dodge: Dodged            |    24 |    26 ||    50
Block: Kite shield       |    78 |    72 ||   150
